[Event "Titled Tuesday Blitz November 29 Early 2022"]
[White "Pranav, V"]
[Black "Boros, Denes"]
[WhiteFideId "25060783"]
[BlackFideId "722340"]
[WhiteElo "2430"]
[BlackElo "2464"]
[Result "0-1"]
[Round "08"]
[TimeControl "180+1"]
[Date "2022.11.30"]
[WhiteClock "0:00:06"]
[BlackClock "0:00:15"]

1. e4 e5 2. Nf3 Nc6 3. Bc4 Nf6 4. Ng5 d5 5. exd5 Na5 6. Bb5+ Bd7 7. Qe2 Be7 8. Nf3 c6 9. dxc6 bxc6 10. Ba4 e4 11. Ne5 O-O 12. Nxd7 Nxd7 13. O-O Nc5 14. Bb3 Bd6 15. Nc3 Qh4 16. g3 Qh3 17. f3 Rae8 18. fxe4 Naxb3 19. axb3 Nxe4 20. Nxe4 Bc5+ 21. Kh1 Rxe4 22. Qg2 Qe6 23. Ra4 Bd4 24. c3 Re2 25. Qf3 Bb6 26. d3 Qxb3 27. Rg4 Re6 28. Re4 Qd5 29. Kg2 f5 30. Rxe6 Qxe6 31. d4 g6 32. Bh6 Re8 33. Rf2 Qd5 34. Qxd5+ cxd5 35. Kf3 Kf7 36. Rf1 Kf6 37. h4 Re4 38. Ra1 Ke6 39. Ra4 Kd6 40. Ra1 Kc6 41. b3 Kb5 42. Bf4 a5 43. Rc1 Kc6 44. Ra1 Bd8 45. Rb1 Bb6 46. Ra1 Re7 47. Rb1 Re6 48. Ra1 Re8 49. Be5 Re7 50. Kf4 Rb7 51. h5 Bd8 52. Ra3 g5+ 53. Kxf5 Rf7+ 54. Ke6 Re7+ 55. Kf5 Rf7+ 56. Kg4 Rf2 57. c4 Rc2 58. c5 Kb5 59. h6 Kb4 60. Ra1 Kxb3 61. Rf1 a4 62. Rb1+ Rb2 63. Rc1 a3 64. c6 a2 65. c7 Bxc7 66. Rxc7 a1=Q 67. Rxh7 Qd1+ 68. Kxg5 Qd3 69. Rb7+ Kc3 70. Rxb2 Kxb2 71. Kf6 Qh7 72. g4 Qxh6+ 73. Kf5 Qh7+ 74. Kf6 Kc3 75. g5 Qg8 76. g6 Kd3 77. Kf5 Ke3 78. g7 Kf3 79. Kg5 Ke4 80. Kf6 Ke3 81. Ke7 Kf3 82. Kf6 Kg4 83. Bd6 Kh5 84. Be5 Qe8 85. Bd6 Kh6 86. Be5 Kh7 87. Kf5 Qf7+ 88. Kg4 Kg6 89. Kh4 Kh7 90. Kg5 Qg6+ 91. Kf4 Kg8 92. Ke3 Kf7 93. Kf4 Ke6 94. Kf3 Kf5 95. Ke3 Qg4 96. Kd2 Ke4 97. Kc3 Qc8+ 98. Kb4 Kd3 99. Kb5 Kc3 100. Bf6 Qd7+ 101. Kc5 Qf7 102. Be5 Kb3 103. Bf6 Ka4 104. Be5 Ka5 105. Kd6 Kb6 0-1


[Site "https://www.chess.com"]

[Event "Titled Tuesday Blitz November 29 Early 2022"]
[White "Putnam, Liam"]
[Black "Reprintsev, Alexander"]
[WhiteFideId "30938279"]
[BlackFideId "14100541"]
[WhiteElo "2082"]
[BlackElo "2230"]
[Result "1/2-1/2"]
[Round "08"]
[TimeControl "180+1"]
[Date "2022.11.30"]
[WhiteClock "0:00:46"]
[BlackClock "0:00:10"]

1. e4 d5 2. exd5 Qxd5 3. Nc3 Qa5 4. d4 Nf6 5. Nf3 Nc6 6. Bd2 a6 7. Bc4 Qh5 8. d5 Ne5 9. Nxe5 Qxe5+ 10. Be3 e6 11. O-O Bd6 12. g3 O-O 13. Bf4 Qf5 14. Bxd6 cxd6 15. dxe6 Bxe6 16. Bxe6 Qxe6 17. Qf3 d5 18. Rfe1 Qc6 19. Rad1 Rad8 20. Rd4 Rd7 21. Red1 Rfd8 22. Kg2 h6 23. Qd3 b5 24. Ne2 Ne4 25. Nf4 Nc5 26. Qc3 Rd6 27. Qf3 Ne6 28. Nxe6 fxe6 29. Qe2 Re8 30. Qe5 Rd7 31. c3 Rf7 32. Re1 Ree7 33. f4 a5 34. a3 b4 35. axb4 axb4 36. Rxb4 d4+ 37. Qe4 Qxe4+ 38. Rxe4 dxc3 39. bxc3 Rc7 40. Re3 Rfd7 41. Rb6 Rd2+ 42. Kh3 Rc2 43. Rbxe6 R2xc3 44. Re2 R3c6 45. Re8+ Kf7 46. Kg4 Rg6+ 47. Kf3 Rd6 48. h4 Rc3+ 49. R8e3 Rxe3+ 50. Rxe3 h5 51. Re5 g6 52. Ra5 Rd3+ 53. Kf2 Rb3 54. Ra7+ Kf6 55. Ra6+ Kf7 56. Ra5 Kf6 57. Re5 Ra3 58. Re3 Ra1 59. Kf3 Ra4 60. Rd3 Rb4 61. Rd6+ Kf5 62. Rd3 Kf6 63. Rc3 Ra4 64. g4 hxg4+ 65. Kxg4 Ra6 66. Rb3 Rc6 67. Ra3 Rb6 68. Ra8 Rc6 69. Rf8+ Kg7 70. Re8 Kh6 71. Re7 Rc1 72. Re6 Rg1+ 73. Kf3 Kg7 74. Rb6 Rh1 75. Kg3 Rg1+ 76. Kh2 Rf1 77. Rb4 Rf3 78. Kg2 Rc3 79. Re4 Kh6 80. Re5 Rb3 81. Rg5 Rc3 82. Kf2 Rh3 83. Rg4 Kh5 84. Rg5+ Kh6 85. Re5 Rxh4 86. Kg3 Rh1 87. Re8 Rg1+ 88. Kf2 Rb1 89. Kf3 Rb5 90. Kg4 Ra5 91. Re7 Rb5 92. Re8 Ra5 93. Rh8+ Kg7 94. Rh2 Kf6 95. Rd2 Kg7 96. Rd6 Kh6 97. Rc6 Rb5 98. Ra6 Rc5 99. Kf3 Rb5 100. Ke4 Rc5 101. Rd6 Rb5 102. Re6 Ra5 103. Re5 Ra4+ 104. Kf3 Rb4 105. Re6 Kg7 106. Kg4 Rb5 107. Rd6 Rc5 108. Rb6 Ra5 109. Kf3 Rc5 110. Ke4 Ra5 111. Re6 Kf7 112. Rd6 Rb5 113. Rd2 Kf6 114. Rg2 Rb4+ 115. Kf3 Kf5 116. Rg5+ Kf6 117. Kg4 Rb1 118. Rd5 Rg1+ 119. Kf3 Rf1+ 120. Ke4 Re1+ 121. Kf3 Rf1+ 122. Kg3 Rg1+ 123. Kf2 Ra1 124. Re5 Ra3 125. Rc5 Rb3 1/2-1/2


[Site "https://www.chess.com"]

[Event "Titled Tuesday Blitz November 29 Early 2022"]
[White "Quinones Garcia, Santiago"]
[Black "Sai Han Thiha"]
[WhiteFideId "4408497"]
[BlackFideId "13012290"]
[WhiteElo "2249"]
[BlackElo "2023"]
[Result "0-1"]
[Round "08"]
[TimeControl "180+1"]
[Date "2022.11.30"]
[WhiteClock "0:01:53"]
[BlackClock "0:01:17"]

1. d4 Nf6 2. Nf3 e6 3. Bf4 c5 4. e3 cxd4 5. exd4 b6 6. Nbd2 Bb7 7. Be2 d6 8. O-O Be7 9. c4 O-O 10. Rc1 d5 11. b3 Nc6 12. h3 dxc4 13. bxc4 Nxd4 14. Nxd4 Qxd4 15. Be3 Qh4 16. Qa4 Rfd8 17. Nf3 Qe4 18. Rfd1 Qc6 19. Qb3 h6 20. Bf1 Ne4 21. Nd4 Qc7 22. Nb5 Qe5 23. Bd4 Qf5 24. Nc3 Rxd4 0-1


[Site "https://www.chess.com"]

[Event "Titled Tuesday Blitz November 29 Early 2022"]
[White "Radjabov, Teimour"]
[Black "Fernandez De La Vara, Arnaldo"]
[WhiteFideId "13400924"]
[BlackFideId "3518388"]
[WhiteElo "2709"]
[BlackElo "2387"]
[Result "1-0"]
[Round "08"]
[TimeControl "180+1"]
[Date "2022.11.30"]
[WhiteClock "0:01:43"]
[BlackClock "0:00:01"]

1. Nf3 c5 2. c4 Nc6 3. Nc3 g6 4. g3 Bg7 5. Bg2 d6 6. O-O Nf6 7. Rb1 O-O 8. a3 a5 9. Ne1 Ne8 10. Nc2 Nc7 11. b4 axb4 12. axb4 cxb4 13. Nxb4 Na5 14. Ncd5 Nxc4 15. d3 Na3 16. Nxc7 Nxb1 17. Nxa8 Nc3 18. Qd2 Bg4 19. Bb2 Nxe2+ 20. Kh1 Qxa8 21. h3 Nxg3+ 22. fxg3 Be6 23. Bxg7 Kxg7 24. Qb2+ Kg8 25. Nd5 Re8 26. Nc7 1-0


[Site "https://www.chess.com"]

[Event "Titled Tuesday Blitz November 29 Early 2022"]
[White "Rangel, Daniel"]
[Black "Trost, Edvin"]
[WhiteFideId "2124475"]
[BlackFideId "1729519"]
[WhiteElo "2225"]
[BlackElo "2247"]
[Result "0-1"]
[Round "08"]
[TimeControl "180+1"]
[Date "2022.11.30"]
[WhiteClock "0:00:02"]
[BlackClock "0:00:31"]

1. d4 Nf6 2. c4 e6 3. Nc3 d5 4. cxd5 exd5 5. Bf4 Bd6 6. e3 Bxf4 7. exf4 O-O 8. Bd3 Re8+ 9. Nge2 Nc6 10. O-O Ne7 11. Ng3 c6 12. Rb1 Ng6 13. Qd2 Qd6 14. Bxg6 hxg6 15. Rfe1 Bd7 16. h3 Bf5 17. Nxf5 gxf5 18. f3 g6 19. a3 Kg7 20. Re5 Nd7 21. Ree1 a6 22. Rxe8 Rxe8 23. Kf2 Nf8 24. g3 Qf6 25. Re1 Rxe1 26. Kxe1 Ne6 27. Ne2 Qd8 28. b4 Qb6 29. g4 fxg4 30. hxg4 Qd8 31. Qe3 Qh4+ 32. Kd2 Kg8 33. Qe5 Kh7 34. Ke3 Qh1 35. f5 gxf5 36. gxf5 Ng5 37. Qg3 Qh6 38. f4 Ne4 39. Qg4 a5 40. Ng3 Nxg3 41. Qxg3 axb4 42. axb4 Qh1 43. Qg5 Qe4+ 44. Kf2 Qxd4+ 45. Kg3 Qg7 46. Kg4 f6 47. Kh5 fxg5 48. fxg5 Qe5 0-1


[Site "https://www.chess.com"]

[Event "Titled Tuesday Blitz November 29 Early 2022"]
[White "Ravot, Sylvain"]
[Black "Mrudul Dehankar"]
[WhiteFideId "627763"]
[BlackFideId "25096990"]
[WhiteElo "2195"]
[BlackElo "2068"]
[Result "1-0"]
[Round "08"]
[TimeControl "180+1"]
[Date "2022.11.30"]
[WhiteClock "0:00:01"]
[BlackClock "0:00:01"]

1. e4 c6 2. Nc3 d5 3. d4 dxe4 4. Nxe4 Bf5 5. Ng3 Bg6 6. h4 h6 7. Nf3 Nd7 8. h5 Bh7 9. Bd3 Bxd3 10. Qxd3 e6 11. Bf4 Ngf6 12. O-O-O Be7 13. Kb1 O-O 14. Ne4 Nxe4 15. Qxe4 Nf6 16. Qe2 Qd5 17. Ne5 Rfd8 18. f3 c5 19. c4 Qd6 20. Ng6 Qd7 21. Nxe7+ Qxe7 22. d5 Rd7 23. dxe6 Rxd1+ 24. Rxd1 Nxh5 25. Bd6 Qxe6 26. Qxe6 fxe6 27. Bxc5 b6 28. Bb4 Nf6 29. Rd6 Kf7 30. Rc6 Rd8 31. Kc2 Rd7 32. a4 Nh5 33. Bd6 g5 34. b4 Ng7 35. g4 h5 36. Be5 h4 37. a5 h3 38. axb6 axb6 39. Rxb6 Ne8 40. Ra6 Nf6 41. Ra1 Kg6 42. Rh1 Rh7 43. Kc3 Nd7 44. Kd4 Kf7 45. b5 Ke7 46. c5 Rh6 47. b6 1-0


[Site "https://www.chess.com"]

[Event "Titled Tuesday Blitz November 29 Early 2022"]
[White "Riehle, Marco"]
[Black "Indjic, Aleksandar"]
[WhiteFideId "12904392"]
[BlackFideId "911925"]
[WhiteElo "2462"]
[BlackElo "2592"]
[Result "0-1"]
[Round "08"]
[TimeControl "180+1"]
[Date "2022.11.30"]
[WhiteClock "0:00:08"]
[BlackClock "0:00:37"]

1. e4 d6 2. d4 Nf6 3. f3 g6 4. c4 Bg7 5. Nc3 c5 6. Nge2 O-O 7. Be3 Nc6 8. Qd2 b6 9. d5 Na5 10. Nf4 e5 11. dxe6 Bxe6 12. Nxe6 fxe6 13. O-O-O Nb7 14. g4 a6 15. h4 b5 16. h5 b4 17. Na4 Nd7 18. Qh2 g5 19. h6 Be5 20. Qd2 Rf4 21. Kb1 Nb6 22. Nxb6 Qxb6 23. Rh5 Qd8 24. Bxf4 Bxf4 25. Qd3 Qe7 26. e5 Bxe5 27. Qe4 Rf8 28. Bd3 Rf7 29. Re1 Nd8 30. Qa8 Rf8 31. Qxa6 Rxf3 32. Bc2 Bg3 33. Rd1 Be5 34. Qa8 Rf4 35. Qg2 Rxc4 36. Rf1 Rf4 37. Rxf4 Bxf4 38. Rh1 d5 39. Re1 Qd6 40. Qe2 c4 41. Rd1 Nf7 42. b3 Ne5 43. Qe4 Qc7 44. Qe2 c3 45. Re1 Qa7 46. Rf1 Qa3 47. Bd1 Qc1# 0-1


[Site "https://www.chess.com"]

[Event "Titled Tuesday Blitz November 29 Early 2022"]
[White "Roman, Rodrigo"]
[Black "Gonzalez, Francisco Silva"]
[WhiteFideId "3701220"]
[BlackFideId "1512285"]
[WhiteElo "1995"]
[BlackElo "2159"]
[Result "0-1"]
[Round "08"]
[TimeControl "180+1"]
[Date "2022.11.30"]
[WhiteClock "0:00:18"]
[BlackClock "0:01:20"]

1. Nf3 d5 2. d4 Nf6 3. Bf4 c5 4. e3 Nc6 5. c3 Qb6 6. Qb3 c4 7. Qc2 Bf5 8. Qc1 Nh5 9. Nbd2 Nxf4 10. exf4 Qc7 11. g3 e6 12. h4 h6 13. Bg2 b5 14. a3 Rb8 15. O-O Bd6 16. Re1 Ne7 17. Ne5 g5 18. hxg5 hxg5 19. fxg5 Ng6 20. Nxg6 Bxg6 21. Nf3 Be4 22. Nd2 Bxg2 23. Kxg2 Kd7 24. Nf3 Kc6 25. Ne5+ Kb6 26. f4 Qe7 27. Ng4 Rbg8 28. Qe3 Rg7 29. Rh1 Rgh7 30. Rxh7 Rxh7 31. Nf6 Rh8 32. Re1 Qd8 33. Qf3 Bb8 34. Ng4 Rh7 35. Rh1 Qh8 36. Rxh7 Qxh7 37. Nf6 Qc2+ 38. Qf2 Qb1 39. Nd7+ Kb7 40. Nc5+ Kc8 41. Qe2 Bd6 42. Na6 Kb7 43. Nc5+ Bxc5 44. dxc5 Kc6 45. Qf2 Qe4+ 46. Kh3 a5 47. Kh4 b4 48. axb4 axb4 49. Qd4 Qxd4 50. cxd4 c3 51. bxc3 bxc3 52. f5 exf5 53. g4 fxg4 54. Kxg4 c2 55. Kf5 c1=Q 56. Kf6 Qf4+ 57. Ke7 Qxd4 58. Kxf7 Qxc5 59. g6 Qf2+ 60. Ke7 Qe3+ 61. Kf7 Qf4+ 62. Ke7 Qe4+ 63. Kf7 Qxg6+ 64. Kxg6 Kc5 65. Kf5 Kd4 66. Kf4 Kd3 67. Kf3 d4 68. Kf2 Kd2 69. Kf3 d3 70. Ke4 Ke2 71. Kd4 d2 72. Kc4 d1=R 0-1


[Site "https://www.chess.com"]

[Event "Titled Tuesday Blitz November 29 Early 2022"]
[White "Ronka, Erik"]
[Black "Szpar, Milosz"]
[WhiteFideId "505080"]
[BlackFideId "1184989"]
[WhiteElo "2264"]
[BlackElo "2422"]
[Result "1-0"]
[Round "08"]
[TimeControl "180+1"]
[Date "2022.11.30"]
[WhiteClock "0:00:10"]
[BlackClock "0:00:09"]

1. e4 c5 2. Nf3 d6 3. d4 cxd4 4. Nxd4 Nf6 5. Nc3 Nc6 6. Nb3 g6 7. f3 Bg7 8. Be3 O-O 9. Qd2 Be6 10. O-O-O a5 11. a4 Nb4 12. Nd4 Rc8 13. g4 Nd7 14. Kb1 Nc5 15. Bb5 Qb6 16. h4 Rfd8 17. h5 d5 18. hxg6 fxg6 19. Qh2 Kf7 20. Qf4+ Kg8 21. Qh2 Kf7 22. Bh6 Bh8 23. Qf4+ Kg8 24. e5 Qc7 25. Rde1 Nc6 26. Nxe6 Nxe6 27. Qh2 Nxe5 28. Bf4 Nxf4 29. Qxh7+ Kf8 30. Qxh8+ Kf7 31. Qxe5 Qxe5 32. Rxe5 d4 33. Ne4 Nd5 34. Rh7+ Kg8 35. Ng5 Rd6 36. b3 Rc5 37. Bc4 Rxc4 38. bxc4 Nc3+ 39. Kc1 Rb6 40. Kd2 Rb1 41. Re1 Rb6 42. Rexe7 1-0


[Site "https://www.chess.com"]

[Event "Titled Tuesday Blitz November 29 Early 2022"]
[White "Rose, Felix"]
[Black "Levitan, Caleb Levi"]
[WhiteFideId "5105722"]
[BlackFideId "14332620"]
[WhiteElo "2039"]
[BlackElo "1963"]
[Result "1-0"]
[Round "08"]
[TimeControl "180+1"]
[Date "2022.11.30"]
[WhiteClock "0:00:24"]
[BlackClock "0:00:02"]

1. e4 c5 2. Nf3 e6 3. d4 cxd4 4. Nxd4 a6 5. Nc3 b5 6. Bd3 Bb7 7. O-O Nc6 8. Nxc6 Bxc6 9. Qe2 Ne7 10. Bd2 Ng6 11. a4 b4 12. Nd5 Qb8 13. a5 Bd6 14. h3 O-O 15. Nb6 Ra7 16. Bxa6 Bc5 17. Bd3 Bxb6 18. axb6 Rxa1 19. Rxa1 Qxb6 20. b3 d5 21. exd5 Bxd5 22. Qg4 Rb8 23. Ra4 Ne5 24. Bxh7+ Kxh7 25. Qh5+ Kg8 26. Qxe5 Rc8 27. Rxb4 Qc5 28. c4 Be4 29. Qxc5 Rd8 1-0


[Site "https://www.chess.com"]

[Event "Titled Tuesday Blitz November 29 Early 2022"]
[White "Rosen, Eric"]
[Black "Yuan, Qingyu"]
[WhiteFideId "2032562"]
[BlackFideId "8609772"]
[WhiteElo "2362"]
[BlackElo "2359"]
[Result "1-0"]
[Round "08"]
[TimeControl "180+1"]
[Date "2022.11.30"]
[WhiteClock "0:00:05"]
[BlackClock "0:00:06"]

1. d4 Nf6 2. Bf4 d5 3. e3 c5 4. Nf3 Nc6 5. Nbd2 Bf5 6. dxc5 e6 7. Nd4 Bg4 8. f3 Bh5 9. Bb5 Qc8 10. b4 Be7 11. h4 h6 12. Nxc6 bxc6 13. Bd3 Nd7 14. g4 e5 15. Bg3 Bg6 16. Bxg6 fxg6 17. Qe2 O-O 18. O-O a5 19. a3 Qd8 20. Qh2 Bf6 21. e4 d4 22. Nc4 axb4 23. axb4 Qe7 24. Nd6 Qe6 25. Qe2 Rfb8 26. Rxa8 Rxa8 27. Qc4 Qxc4 28. Nxc4 Ra2 29. Rc1 Kf7 30. Kf1 Ke6 31. Ke2 Bd8 32. Kd3 Bc7 33. Rb1 Ra4 34. Be1 Ra8 35. Bd2 Ra2 36. Rf1 Ra8 37. Ke2 Ra2 38. Rc1 Ra4 39. Kd3 Ra2 40. Rh1 Ra4 41. Rf1 Ra2 42. f4 exf4 43. Bxf4 Bxf4 44. Rxf4 Ne5+ 45. Nxe5 Kxe5 46. Rf7 Ra3+ 47. Kd2 Kxe4 48. Rxg7 Rh3 49. Rxg6 Rh2+ 50. Kc1 Kd5 51. Rxh6 Kc4 52. Rxc6 Kc3 53. Kd1 Rh1+ 54. Ke2 Kxc2 55. Rd6 d3+ 56. Ke3 Rh3+ 57. Kf4 Rxh4 58. c6 Rh3 59. c7 Rh8 60. b5 d2 61. b6 Rh6 62. Rxd2+ Kxd2 63. c8=Q Rf6+ 64. Ke5 Rf3 65. Qd8+ Ke2 66. b7 Re3+ 67. Kf4 Rf3+ 68. Kg5 Rd3 69. Qe7+ Kf2 70. Qf6+ Rf3 71. Qe5 Re3 72. Qf4+ Rf3 73. Qxf3+ 1-0


[Site "https://www.chess.com"]

[Event "Titled Tuesday Blitz November 29 Early 2022"]
[White "Rosenberg, Evan S"]
[Black "Tokhirjonova, Gulrukhbegim"]
[WhiteFideId "2019299"]
[BlackFideId "14203626"]
[WhiteElo "2403"]
[BlackElo "2236"]
[Result "0-1"]
[Round "08"]
[TimeControl "180+1"]
[Date "2022.11.30"]
[WhiteClock "0:00:01"]
[BlackClock "0:00:06"]

1. d4 Nf6 2. Nf3 d5 3. c3 g6 4. Bf4 Bg7 5. h3 O-O 6. e3 c5 7. Nbd2 Nc6 8. Bd3 cxd4 9. exd4 Nh5 10. Bh2 Re8 11. O-O e5 12. dxe5 Nxe5 13. Nxe5 Bxe5 14. Bxe5 Rxe5 15. Re1 Rxe1+ 16. Qxe1 Nf4 17. Bf1 Qg5 18. Kh2 Bd7 19. Nf3 Qh6 20. Qe7 Be6 21. Re1 Bf5 22. Qxb7 Rf8 23. Qxa7 Be4 24. Qe3 g5 25. Ne5 Qd6 26. g3 Qxe5 27. gxf4 gxf4 28. Qd4 Qb8 29. f3 Bxf3 30. Be2 Be4 31. Rg1+ Bg6 32. Bf3 Qxb2+ 33. Rg2 Qxa2 34. h4 Qa6 35. h5 Rd8 36. hxg6 hxg6 37. Qxf4 Qd3 38. Bg4 Re8 39. Qd4 Qb5 40. Bf3 Qb8+ 41. Rg3 Qb2+ 42. Rg2 Qb8+ 43. Kg1 Re1+ 44. Kf2 Rb1 45. Bxd5 Rb2+ 0-1


[Site "https://www.chess.com"]

[Event "Titled Tuesday Blitz November 29 Early 2022"]
[White "Rustemov, Alexander"]
[Black "Sellitti, Federico"]
[WhiteFideId "4119002"]
[BlackFideId "821829"]
[WhiteElo "2866"]
[BlackElo "2619"]
[Result "1-0"]
[Round "08"]
[TimeControl "180+1"]
[Date "2022.11.30"]
[WhiteClock "0:00:05"]
[BlackClock "0:00:05"]

1. d4 d5 2. c4 e5 3. dxe5 d4 4. Nf3 Nc6 5. a3 Bg4 6. Nbd2 Nge7 7. b4 Ng6 8. Bb2 Ngxe5 9. b5 Bxf3 10. exf3 Qe7 11. Ne4 f5 12. bxc6 fxe4 13. cxb7 Rd8 14. Qxd4 Rxd4 15. b8=Q+ Rd8 16. Qb5+ Nd7 17. O-O-O Qc5 18. fxe4 Qxf2 19. Qh5+ g6 20. Qh3 Be7 21. Bd3 Nc5 22. Bc2 Bg5+ 23. Kb1 Rb8 24. Qc3 Rf8 25. Rd5 Qxg2 26. Rhd1 Bf6 27. e5 Be7 28. R5d2 Rf2 29. Ka2 Rd8 30. Rxd8+ Bxd8 31. Kb1 Be7 32. e6 Rf1 33. Qh8+ Bf8 34. Qd4 Rxd1+ 35. Bxd1 Qc6 36. Bg4 Nxe6 37. Qf6 Qe4+ 38. Ka1 Kd7 39. Qf7+ Kd6 40. Bxe6 Qxe6 41. Qxf8+ Kd7 42. Qg7+ Kc6 43. Qd4 Qe1+ 44. Ka2 Qe6 45. Qd5+ Qxd5 46. cxd5+ Kd6 47. Kb3 Kxd5 48. a4 c5 49. Kc2 g5 50. Bf6 g4 51. Kd3 c4+ 52. Kc3 h5 53. Bh4 Ke4 54. Kxc4 Kf3 55. Kb5 Kg2 56. Bg3 Kh3 57. Ka6 h4 58. Bc7 Kg2 59. Kxa7 g3 60. Bxg3 1-0


[Site "https://www.chess.com"]

[Event "Titled Tuesday Blitz November 29 Early 2022"]
[White "Sadhwani, Raunak"]
[Black "Ozen, Bahadir"]
[WhiteFideId "35093487"]
[BlackFideId "6337058"]
[WhiteElo "2656"]
[BlackElo "2503"]
[Result "1-0"]
[Round "08"]
[TimeControl "180+1"]
[Date "2022.11.30"]
[WhiteClock "0:01:35"]
[BlackClock "0:00:39"]

1. c4 d6 2. Nc3 Nf6 3. d4 Nbd7 4. e4 e5 5. Nf3 c6 6. Be2 Be7 7. O-O O-O 8. Re1 a6 9. d5 cxd5 10. cxd5 b5 11. a3 Nb6 12. b3 Bd7 13. Bb2 Qb8 14. Nd2 Rc8 15. Rc1 Ra7 16. Bd3 Rac7 17. Qe2 g6 18. Na2 Rxc1 19. Rxc1 Rxc1+ 20. Bxc1 Qc7 21. Bb2 Nh5 22. g3 Qc8 23. Qe3 Bd8 24. Be2 Qc2 25. Qc3 Qxc3 26. Bxc3 Na8 27. Nb4 Bc8 28. Nc6 Bf6 29. Bb4 Ng7 30. Bxd6 Ne8 31. Bxe5 Bxe5 32. Nxe5 Nb6 33. Nc6 Kf8 34. f3 f6 35. Kf2 Nd6 36. Ke3 Ke8 37. Kd4 Kd7 38. f4 Bb7 39. Na5 Ba8 40. Bf3 Kc7 41. g4 1-0


[Site "https://www.chess.com"]

[Event "Titled Tuesday Blitz November 29 Early 2022"]
[White "Sadovsky, Artem"]
[Black "Flis, Pawel"]
[WhiteFideId "4155840"]
[BlackFideId "1112864"]
[WhiteElo "2312"]
[BlackElo "1817"]
[Result "1-0"]
[Round "08"]
[TimeControl "180+1"]
[Date "2022.11.30"]
[WhiteClock "0:01:35"]
[BlackClock "0:00:14"]

1. Nf3 Nf6 2. e3 g6 3. c4 Bg7 4. b3 O-O 5. Bb2 d6 6. d4 c5 7. dxc5 dxc5 8. Qxd8 Rxd8 9. Nbd2 Nc6 10. a3 Bf5 11. Be2 Ne4 12. Bxg7 Kxg7 13. Nxe4 Bxe4 14. O-O Bc2 15. Rfc1 Bxb3 16. Rab1 Na5 17. Rc3 b6 18. Rcxb3 Nxb3 19. Rxb3 f6 20. Kf1 e5 21. Ke1 e4 22. Nd2 f5 23. Nb1 Kf6 24. Nc3 Ke5 25. a4 g5 26. a5 Rab8 27. axb6 axb6 28. Nd5 Rd6 29. Rb5 f4 30. Kd2 Ra8 31. Rxb6 Ra2+ 32. Ke1 Ra1+ 33. Bd1 Rxb6 34. Nxb6 fxe3 35. fxe3 Ra2 36. Be2 h5 37. Nd7+ Kd6 38. Nf6 Ra1+ 39. Kf2 Ke5 40. Nxh5 Ra2 41. g3 Kf5 42. h4 gxh4 43. gxh4 Ra1 44. Ng3+ Ke5 45. h5 Ra6 46. Bg4 Rf6+ 47. Nf5 Rxf5+ 48. Bxf5 Kxf5 49. Kg3 Kg5 50. h6 Kxh6 51. Kf4 Kg6 52. Kxe4 Kf6 53. Kd5 Kf5 54. e4+ Kf4 55. e5 Ke3 56. e6 Kd3 57. e7 Kc3 58. e8=Q 1-0


[Site "https://www.chess.com"]

[Event "Titled Tuesday Blitz November 29 Early 2022"]
[White "Samaganova, Aleksandra"]
[Black "Gurevich, Dmitry"]
[WhiteFideId "13800221"]
[BlackFideId "2000407"]
[WhiteElo "1864"]
[BlackElo "2506"]
[Result "0-1"]
[Round "08"]
[TimeControl "180+1"]
[Date "2022.11.30"]
[WhiteClock "0:00:02"]
[BlackClock "0:00:14"]

1. c4 c5 2. Nc3 b6 3. g3 Bb7 4. e4 g6 5. Bg2 Bg7 6. Nge2 Nc6 7. O-O d6 8. d3 Nf6 9. a3 O-O 10. Rb1 a5 11. Be3 Ng4 12. Bd2 Nge5 13. Qc2 e6 14. f4 Ng4 15. h3 Nd4 16. Nxd4 Bxd4+ 17. Kh1 Ne3 18. Bxe3 Bxe3 19. b4 axb4 20. axb4 Bd4 21. Ne2 Bg7 22. Qb3 Ra7 23. bxc5 bxc5 24. Qb6 Qxb6 25. Rxb6 Rd8 26. Rfb1 Ba8 27. Rb8 Rf8 28. g4 Ra2 29. Ng3 Bd4 30. Nf1 Rxb8 31. Rxb8+ Kg7 32. Rb6 f5 33. Rxd6 fxe4 34. Bxe4 Bxe4+ 35. dxe4 Rf2 36. Ng3 Rxf4 37. Rxe6 Rf3 38. Kg2 Rf2+ 39. Kh1 Rc2 40. e5 Kf7 41. Rf6+ Ke7 42. Ne4 Bxe5 43. Ra6 Bd4 44. Ra7+ Ke6 45. Ng5+ Ke5 46. Nf3+ Kf4 47. Nxd4 cxd4 48. Rxh7 Kg3 49. Kg1 Rc1# 0-1


[Site "https://www.chess.com"]

[Event "Titled Tuesday Blitz November 29 Early 2022"]
[White "Sanchez, Robert"]
[Black "Adnan, Habib"]
[WhiteFideId "2034360"]
[BlackFideId "11202270"]
[WhiteElo "2323"]
[BlackElo "2110"]
[Result "1-0"]
[Round "08"]
[TimeControl "180+1"]
[Date "2022.11.30"]
[WhiteClock "0:00:36"]
[BlackClock "0:00:21"]

1. e4 d5 2. exd5 Nf6 3. Nc3 Nxd5 4. Nf3 Bf5 5. Bc4 e6 6. O-O Be7 7. Re1 c6 8. d4 O-O 9. h3 Nd7 10. Ne2 N7f6 11. Ng3 Bg6 12. c3 Qc7 13. Ne5 Rfd8 14. h4 Bf5 15. Nxf5 exf5 16. Qf3 g6 17. Bg5 Ne4 18. Bh6 Nd2 19. Bxd2 Bf6 20. h5 Rd6 21. hxg6 hxg6 22. Bf4 Nxf4 23. Qxf4 Rd7 24. Qg3 Bxe5 25. Rxe5 Kg7 26. Rae1 Rad8 27. Bb3 Qd6 28. Qe3 Qf6 29. Re7 f4 30. Qe4 f3 31. Rxd7 Rxd7 32. Qxf3 Qg5 33. Qe3 Qf5 34. Qe5+ Qf6 35. Qxf6+ Kxf6 36. f4 Kf5 37. g3 Kg4 38. Kg2 Kf5 39. Re5+ Kf6 40. g4 b6 41. g5+ Kg7 42. Kf3 a5 43. a4 Rc7 44. Ke4 f5+ 45. Kd3 Rc8 46. Re7+ Kf8 47. Rh7 Re8 48. Rh8+ Ke7 49. Rxe8+ Kxe8 50. d5 c5 51. Kc4 Ke7 52. Kb5 Kd6 53. c4 Kc7 54. Bc2 Kd6 55. Kxb6 Kd7 56. Kxc5 Kc7 57. Bd3 Kd7 58. b3 Kc7 59. d6+ Kd7 60. Kd5 Kd8 61. c5 Kd7 62. c6+ Kd8 63. Kc5 Kc8 64. Kb5 Kd8 65. Kxa5 Kc8 66. Kb6 Kd8 67. a5 Kc8 68. a6 Kb8 69. b4 Ka8 70. b5 Kb8 71. Kc5 Ka7 72. b6+ Kb8 73. Kd5 Ka8 74. Ke6 Kb8 75. Kf6 Kc8 76. Kxg6 Kd8 77. Kf6 Kc8 78. g6 Kd8 79. g7 Ke8 80. g8=N Kd8 81. Nh6 Kc8 82. Nxf5 Kb8 83. Nd4 Ka8 84. Nf3 Kb8 85. Ng1 Kc8 86. Bf1 Kb8 87. Ke6 Kc8 88. f5 Kd8 89. f6 Ke8 90. b7 Kf8 91. b8=B Ke8 92. Bc7 Kf8 93. Ba5 Ke8 94. Bd2 Kf8 95. Bc1 Ke8 96. a7 Kf8 97. Kd7 Kf7 98. a8=R Kxf6 99. Ra1 Ke5 100. c7 Kd5 101. c8=R Ke5 102. Rh8 Kd4 103. Rh1 Kc3 104. Ke6 Kb4 105. d7 Kc3 106. d8=Q Kb4 107. Qd1 Kc3 108. Ke5 Kb4 109. Ke4 Kc5 110. Ke3 Kc6 111. Ke2 Kc7 112. Ke1 Kc6 113. Rh6+ Kc5 114. Rh5+ Kc6 115. Qd5+ Kc7 116. Rh7+ Kc8 117. Qg8# 1-0


[Site "https://www.chess.com"]

[Event "Titled Tuesday Blitz November 29 Early 2022"]
[White "Saravana, Krishnan P."]
[Black "Orzech, Dominik"]
[WhiteFideId "5018382"]
[BlackFideId "1115065"]
[WhiteElo "2155"]
[BlackElo "2272"]
[Result "1-0"]
[Round "08"]
[TimeControl "180+1"]
[Date "2022.11.30"]
[WhiteClock "0:00:49"]
[BlackClock "0:00:28"]

1. d4 Nf6 2. Nf3 c5 3. d5 e6 4. Nc3 exd5 5. Nxd5 Nxd5 6. Qxd5 Nc6 7. Bg5 Be7 8. e3 O-O 9. Bd3 d6 10. O-O-O Be6 11. Qe4 g6 12. h4 d5 13. Qa4 a6 14. c4 Qc7 15. cxd5 b5 16. Qe4 Bf5 17. Qf4 Bd6 18. Bxf5 Bxf4 19. Bxf4 Qa5 20. dxc6 gxf5 21. Kb1 Rac8 22. c7 Rxc7 23. Bxc7 Qxc7 24. Rd5 c4 25. Rhd1 c3 26. Rc1 Qc4 27. Rd4 Qe2 28. Rxc3 Qxf2 29. Rd2 Qf1+ 30. Rc1 1-0


[Site "https://www.chess.com"]

[Event "Titled Tuesday Blitz November 29 Early 2022"]
[White "Sargissyan, Sargis"]
[Black "Grabinsky, Vladimir"]
[WhiteFideId "13303210"]
[BlackFideId "14107074"]
[WhiteElo "2109"]
[BlackElo "2198"]
[Result "1-0"]
[Round "08"]
[TimeControl "180+1"]
[Date "2022.11.30"]
[WhiteClock "0:00:06"]
[BlackClock "0:00:01"]

1. e4 c5 2. Nf3 Nc6 3. d4 cxd4 4. Nxd4 e5 5. Nb5 d6 6. c4 Be7 7. N5c3 f5 8. Bd3 f4 9. Nd5 Nf6 10. Nbc3 O-O 11. b4 Nd4 12. Bb2 Qe8 13. Nxf6+ Bxf6 14. Nd5 Qg6 15. Bxd4 Qxg2 16. Kd2 exd4 17. Qg1 f3 18. h4 Be6 19. Nf4 Bg5 20. hxg5 Rxf4 21. Rh2 Qxg1 22. Rxg1 Rc8 23. Rgh1 Bxc4 24. Rxh7 Kf7 25. Rh8 Rc7 26. Rd8 Bxd3 27. Kxd3 Rg4 28. Kxd4 Rxg5 29. Rxd6 Rg2 30. Ke3 Rc2 31. Kxf3 Rcxf2+ 32. Ke3 Re2+ 33. Kf4 Ref2+ 34. Ke3 Re2+ 35. Kd4 Rd2+ 36. Kc5 b6+ 37. Kc6 Rxd6+ 38. Kxd6 Rxa2 39. Rf1+ Kg6 40. e5 Rd2+ 41. Ke7 1-0


[Site "https://www.chess.com"]